 Dungeon Crawl Stone Soup version 0.26-a0-651-gb41185065b (webtiles) character file.

Game seed: 716265341522563708

29 Lanoc the Sneak (level 3, 0/28 HPs)
             Began as a Demonspawn Brigand on Oct 25, 2020.
             Slain by an orc wizard
             ... wielding a +0 dagger of freezing
              (1 damage)
             ... on level 3 of the Dungeon.
             The game lasted 00:01:09 (453 turns).

Lanoc the Sneak (Demonspawn Brigand)                 Turns: 453, Time: 00:01:09

Health: 0/28       AC:  3    Str: 11    XL:     3   Next: 1%
Magic:  3/3        EV: 12    Int: 12    God:
Gold:   27         SH:  0    Dex: 15    Spells: 2/2 levels left

rFire    . . .     SeeInvis .   g - +1 dagger (elec)
rCold    . . .     Faith    .   (no shield)
rNeg     . . .     Spirit   .   b - +0 robe
rPois    .         Reflect  .   (no helmet)
rElec    .         Harm     .   c - +0 cloak
rCorr    .         Rampage  .   (no gloves)
MR       .....                  (no boots)
Stlth    +++.......             (no amulet)
HPRegen  0.09/turn              (no ring)
MPRegen  0.08/turn              (no ring)

@: no status effects
A: powered by death 1
a: no special abilities


You were on level 3 of the Dungeon.
You visited 1 branch of the dungeon, and saw 3 of its levels.

You collected 27 gold pieces.

Inventory:

Hand Weapons
 g - a +1 dagger of electrocution (weapon)
Missiles
 d - 19 poisoned darts (quivered)
Armour
 b - a +0 robe (worn)
 c - a +0 cloak (worn)
Scrolls
 a - a scroll of identify {unknown}
 f - a scroll of fog {unknown}
Potions
 h - a potion of stabbing {unknown}


   Skills:
 + Level 2.4 Fighting
 - Level 1.7 Short Blades
 - Level 1.7 Throwing
 + Level 1.4 Dodging
 * Level 4.2 Stealth


You had 2 spell levels left.
You didn't know any spells.
Your spell library was empty.

Dungeon Overview and Level Annotations

Branches:
Dungeon (3/15)

Altars:


Innate Abilities, Weirdness & Mutations

You regenerate a little health from kills.


Message History

You barely miss the orc wizard. The orc wizard closely misses you.
You hit the orc wizard.
The orc wizard is moderately wounded.
The orc wizard hits you but does no damage.
You hit the orc wizard but do no damage.
Lightning courses through the orc wizard!
The orc wizard is almost dead.
You barely miss the orc wizard.
The orc wizard is almost dead.
The orc wizard gestures wildly while chanting.
The orc wizard seems to speed up.
You hit the orc wizard but do no damage.
The orc wizard is almost dead.
The orc wizard barely misses you. x2
You completely miss the orc wizard.
The orc wizard is almost dead.
The orc wizard hits you with a +0 dagger of freezing.
* * * LOW HITPOINT WARNING * * *
The orc wizard freezes you.
You die...

#..# . ..# ...#
....#### ...
#........##.. .r#
#.#.# #....## #.#
##.#.#
#.##.(###.#######
....
#.##(#(##o.......
#..#
#.##o##.#)##.####
#..# ##.)@.###o##
##..####.###.#
### #.......##
##.# ##..###.#
... ...8# #..#
#.# .###
....###..# ##. ##
....8 #..# #.
....# #..# #.
...8 #..## .#


You could see an orc wizard (fast).

Vanquished Creatures
  A leopard gecko (D:3)
  4 orcs (D:3)
  4 bats
  A giant cockroach (D:3)
  3 goblins
  2 hobgoblins (D:1)
  3 kobolds (D:3)
  A ball python (D:3)
  A frilled lizard (D:1)
  2 rats (D:3)
22 creatures vanquished.

Notes
Turn   | Place    | Note
-------+----------+-------------------------------------------
     0 | D:1      | Lanoc the Demonspawn Brigand began the quest for the Orb.
     0 | D:1      | Reached XP level 1. HP: 16/16 MP: 1/1
    75 | D:1      | Reached skill level 1 in Dodging
   309 | D:3      | Gained mutation: You regenerate a little health from kills.
                  | [demonic ancestry]
   309 | D:3      | Reached XP level 2. HP: 22/22 MP: 2/2
   332 | D:3      | Reached skill level 4 in Stealth
   441 | D:3      | Reached XP level 3. HP: 2/28 MP: 3/3
   453 | D:3      | HP: 1/28 [orc wizard/+0 dagger of freezing (2)]
   453 | D:3      | Slain by an orc wizard

Illustrated notes

Levels and vault maps discovered:
D:1:      matt_arrival_refuge, layout_basic
D:2:      layout_rooms
D:3:      cheibrodos_pilgrimage, layout_loops_ring,
          nicolae_overflow_hidden_temple, lemuel_doored_altar,
          supply_closet_lemuel

Skill      XL: |  1  2 |
---------------+-------+-----
Dodging        | 1 |  1.4
Stealth        | 4 |  4.2
Fighting       | |  2.4
Short Blades   | |  1.7
Throwing       | |  1.7

Action                   || total
-------------------------++-------
Melee: Dagger            ||    60
Throw: Dart              ||     3
 Stab: Sleeping          ||     3
Armor: Robe              ||    15
Dodge: Dodged            ||    52

Table legend: (Time is in decaauts)
 A = Elapsed time spent in this place.
 B = Non-inter-level travel time spent in this place.
 C = Inter-level travel time spent in this place.
 D = Time resting spent in this place.
 E = Time spent auto-exploring this place.
 F = Levels seen in this place.
 G = Mean time per level.
                   A        B        C        D        E       F      G
               +--------+--------+--------+--------+--------+-----+--------+
         Total |    446 |    438 |      8 |      0 |    315 |   3 |  148.7 |
       Dungeon |    446 |    438 |      8 |      0 |    315 |   3 |  148.7 |
               +--------+--------+--------+--------+--------+-----+--------+

Top non-repeatable levels by time:
     D:1: 252 daAuts
     D:3: 174 daAuts
     D:2: 19 daAuts
